 Dungeon Crawl Stone Soup version 0.28.0-53-g5a82cb258f (webtiles) character file.

Game seed: 13094835456279491434

630 MiltankisOP the Zephyrmancer (level 7, -8/35 (36) HPs)
             Began as a Tengu Air Elementalist on June 14, 2022.
             Was a Follower of Vehumet.
             Asphyxiated
             ... on level 4 of the Dungeon.
             The game lasted 00:16:07 (4887 turns).

MiltankisOP the Zephyrmancer (TeAE)                 Turns: 4887, Time: 00:16:08

HP:   -8/35 (36)    AC:  2    Str:  8    XL:     7   Next: 48%
MP:   0/13          EV: 14    Int: 17    God:    Vehumet [*.....]
Gold: 91            SH:  0    Dex: 15    Spells: 2/12 levels left

rFire   . . .      SeeInvis .   j - +2 whip (drain)
rCold   . . .      Faith    .   (no shield)
rNeg    . . .      Spirit   .   a - +0 robe
rPois   .          Reflect  .   (helmet restricted)
rElec   .          Harm     .   (no cloak)
rCorr   .          Rampage  .   (no gloves)
Will    .....                   (boots unavailable)
Stlth   ++........              (no amulet)
HPRegen 0.11/turn               (no ring)
MPRegen 0.13/turn               (no ring)

@: lethally poisoned (-8 -> -14), swift, flying quickly and evasively, slowed,
lightly drained
A: beak, talons 3, nimble flight
a: Renounce Religion


You were on level 4 of the Dungeon.
You worshipped Vehumet.
Vehumet was aware of your devotion.
You visited 1 branch of the dungeon, and saw 4 of its levels.

You collected 91 gold pieces.

Inventory:

Hand Weapons
 j - a +2 whip of draining (weapon)
Armour
 a - a +0 robe (worn)
Jewellery
 i - a +6 ring of strength
Scrolls
 e - a scroll of enchant weapon {unknown}
 l - a scroll of silence
 m - a scroll of holy word
 n - a scroll of summoning {unknown}
 p - 2 scrolls of vulnerability
Potions
 b - a potion of lignification {unknown}
 c - a potion of haste {unknown}
 d - a potion of curing
 f - a potion of cancellation {unknown}
 g - 2 potions of flight
 k - a potion of degeneration {unknown}
 o - a potion of heal wounds {unknown}
 q - a potion of attraction {unknown}


   Skills:
 - Level 2.1 Dodging
 - Level 2.0 Stealth
 + Level 3.3 Spellcasting
 - Level 5.1 Conjurations
 - Level 9.0 Air Magic


You had 2 spell levels left.
You knew the following spells:

 Your Spells              Type           Power      Damage    Failure   Level
a - Shock                 Conj/Air       100%       1d9       1%          1
b - Static Discharge      Conj/Air       26%        N/A       1%          2
c - Swiftness             Air            33%        N/A       1%          3
d - Airstrike             Air            16%        N/A       4%          4

Your spell library contained the following spells:

 Spells                   Type           Power      Damage    Failure   Level
 Foxfire                  Conj/Fire      44%        2x1d6     6%          1


Dungeon Overview and Level Annotations

Branches:
Dungeon (4/15)
 Temple: D:4-7

Altars:
Cheibriados
Qazlal
Vehumet
Wu Jian

Annotations:
D:4 TheGhostDragon953's ghost, amateur DrCj


Innate Abilities, Weirdness & Mutations

You have a beak for a mouth.
You have claws for feet.
Your magical nature lets you fly swiftly and evasively.


Message History

You have difficulty breathing.
You feel yourself slow down.
Casting: Shock (safe; 1% risk of failure)
Confirm with . or Enter, or press ? or * to list all spells.
The spell is quite dangerous to miscast (4% risk of failure)!
Continue anyway?
Aiming: Airstrike (quite dangerous; 4% risk of failure)
Press: ? - help, Dir - move target, f - TheGhostDragon953's ghost
Aim: TheGhostDragon953's ghost (heavily damaged, empty space bonus: 6/8)
The air twists around and strikes TheGhostDragon953's ghost!
TheGhostDragon953's ghost is almost destroyed.
You feel very sick.
The kobold brigand throws a curare-tipped dart.
The curare-tipped dart barely misses you.
Casting: Airstrike (quite dangerous; 4% risk of failure)
Confirm with . or Enter, or press ? or * to list all spells.
You don't have enough magic to cast this spell.
You feel better.
TheGhostDragon953's ghost gestures at you while chanting.
The magic dart hits you. The kobold misses you.
TheGhostDragon953's ghost casts a spell at you.
The magic dart hits you!
Casting: Airstrike (quite dangerous; 4% risk of failure)
Confirm with . or Enter, or press ? or * to list all spells.
You feel quick. The kobold barely misses you.
The kobold brigand hits you with a +2 dagger of draining.
* * * LOW HITPOINT WARNING * * *
You feel drained.
* * * LOW HITPOINT WARNING * * *
TheGhostDragon953's ghost hits you.
* * * LOW HITPOINT WARNING * * *
The kobold barely misses you.
The kobold brigand throws a curare-tipped dart.
The curare-tipped dart barely misses you.
TheGhostDragon953's ghost casts a spell at you.
The magic dart hits you.
* * * LOW HITPOINT WARNING * * *
The kobold brigand throws a curare-tipped dart.
The curare-tipped dart hits you.
You are lethally poisoned!
You have difficulty breathing.
You die...

...####..####'##..##...##'###.# #
......#.......................# #
......')......................###
......#.......................#..
#...###..####..##########...####.
#...###..#####'##.##.####...#####
#....#.........(......#..........
#....#................#..........
#....'..........@.....#..........
#....#................#..........
#....#............K...#..........
#...##...#########W..####'####...
###'##...##....####K###...####.).
#...##...##........K.#....#.....|
#...##...##.....[....#....#......
#..................).#....#......
#....................#....#......


You could see a kobold brigand, TheGhostDragon953's ghost and 2 kobolds.

Vanquished Creatures
  A black bear (D:4)
  A necrophage (D:4)
  An orc priest (D:3)
  Crazy Yiuf (D:3)
  Natasha (thrice) (D:2)
  4 iguanas (D:4)
  An orc wizard (D:4)
  8 adders
  A white imp (D:3)
  3 dart slugs
  8 orcs
  8 endoplasms
  3 giant cockroaches
  7 goblins
  11 hobgoblins
  3 jackals (D:1)
  2 quokkas
  10 ball pythons
  5 bats
  13 frilled lizards
  12 kobolds
  3 rats
109 creatures vanquished.

Vanquished Creatures (others)
  2 plants (D:1)
2 creatures vanquished.

Grand Total: 111 creatures vanquished

Notes
Turn   | Place    | Note
-------+----------+-------------------------------------------
     0 | D:1      | MiltankisOP the Tengu Air Elementalist began the quest for
                  | the Orb.
     0 | D:1      | Reached XP level 1. HP: 10/10 MP: 4/4
   104 | D:1      | Found a faded altar of an unknown god.
   192 | D:1      | Reached XP level 2. HP: 14/15 MP: 0/6
   837 | D:1      | Reached XP level 3. HP: 19/19 MP: 5/7
  1055 | D:1      | Reached skill level 5 in Air Magic
  1328 | D:2      | Learned a level 2 spell: Static Discharge
  1368 | D:2      | Noticed Natasha
  1415 | D:2      | Killed Natasha
  1416 | D:2      | Reached XP level 4. HP: 21/24 MP: 4/8
  1459 | D:2      | Noticed Natasha
  1463 | D:2      | Killed Natasha
  1564 | D:2      | Noticed Natasha
  1568 | D:2      | Killed Natasha
  1569 | D:2      | Gained mutation: Your magical nature lets you fly swiftly
                  | and evasively. [Tengu growth]
  1569 | D:2      | Reached XP level 5. HP: 26/28 MP: 3/9
  1698 | D:2      | Reached skill level 6 in Air Magic
  1832 | D:2      | Learned a level 3 spell: Swiftness
  2297 | D:3      | Reached skill level 5 in Conjurations
  2533 | D:3      | Found a stormy altar of Qazlal.
  2533 | D:3      | Found a radiant altar of Vehumet.
  2533 | D:3      | Found a snail-covered altar of Cheibriados.
  2533 | D:3      | Found an ornate altar of the Wu Jian Council.
  2538 | D:3      | Became a worshipper of Vehumet
  2775 | D:3      | Reached XP level 6. HP: 32/32 MP: 8/10
  2889 | D:3      | Found a runed translucent door.
  2890 | D:3      | Noticed Crazy Yiuf
  2939 | D:3      | Reached skill level 7 in Air Magic
  3341 | D:3      | Killed Crazy Yiuf
  3812 | D:4      | Found a runed translucent gate.
  3813 | D:4      | Found a runed translucent gate.
  3814 | D:4      | Found a runed translucent gate.
  3817 | D:4      | Noticed TheGhostDragon953's ghost (amateur DrCj)
  3832 | D:4      | Reached skill level 8 in Air Magic
  4050 | D:4      | Noticed a black bear
  4384 | D:4      | Killed a black bear
  4385 | D:4      | Reached skill level 9 in Air Magic
  4385 | D:4      | Reached XP level 7. HP: 36/36 MP: 4/11
  4390 | D:4      | Learned a level 4 spell: Airstrike
  4512 | D:4      | Reached * piety under Vehumet
  4512 | D:4      | Offered knowledge of Foxfire by Vehumet.
  4886 | D:4      | HP: 1/35 [TheGhostDragon953's ghost/magic dart (6)]
  4887 | D:4      | Asphyxiated

Illustrated notes

Levels and vault maps discovered:
D:1:      roderic_octagonal_star, layout_basic,
          nicolae_ecumenical_snake_handling, minmay_misc_feat_diagonals,
          minmay_lizard_king
D:2:      layout_rooms, serial_park_tiny_1, uniq_natasha
D:3:      layout_loops_cross, grunt_temple_overflow_cloverleaf,
          uniq_crazy_yiuf_cottage
D:4:      layout_gridville, gammafunk_ghost_nasty_kobolds, corexii_corridor_pit

Skill      XL: |  1  2  3  4  5  6  7 |
---------------+----------------------+-----
Conjurations   | 2 3 4 5 |  5.1
Air Magic      | 5 6 9 |  9.0
Spellcasting   | 3 |  3.3
Dodging        | |  2.1
Stealth        | |  2.0

Action                   |  1- 3 |  4- 6 |  7- 9 || total
-------------------------+-------+-------+-------++-------
Melee: Unarmed           |     1 |     2 |       ||     3
       Peck              |     1 |     1 |       ||     2
       Kick              |       |     1 |       ||     1
 Cast: Shock             |    66 |   134 |    17 ||   217
       Swiftness         |       |     1 |     1 ||     2
       Static Discharge  |       |     1 |       ||     1
       Airstrike         |       |       |     3 ||     3
  Use: Scroll            |       |       |     5 ||     5
       Potion            |       |       |     1 ||     1
Armor: Robe              |     2 |       |       ||     2
Dodge: Dodged            |     6 |    17 |     8 ||    31
